MLB
MIAMI MARLINS @ PITTSBURGH PIRATES
05/30/2030
 
TOP OF THE 1ST
Miami Marlins batting - Pitching for Pittsburgh Pirates : LHP Trevor Rogers
Pitching: LHP Trevor Rogers
Batting: RHB Curt Chilton 0-0: Foul Ball, location: 3F
0-1: Ground out 3-1 (Groundball, 34S, EV 81.9 MPH)
Batting: RHB Chris Flesner 0-0: Called Strike
0-1: Ball
1-1: Ball
2-1: Fly out, F7 (Flyball, 7D, EV 108.8 MPH)
Batting: LHB Bill Lively 0-0: Foul Ball, location: 7LMF
0-1: Ball
1-1: Called Strike
1-2: Ball
2-2: Strikes out swinging
Top of the 1st over - 0 runs, 0 hits, 0 errors, 0 left on base; Miami 0 - Pittsburgh 0
BOTTOM OF THE 1ST
Pittsburgh Pirates batting - Pitching for Miami Marlins : RHP Pat Lollis
Pitching: RHP Pat Lollis
Batting: LHB Sam Cash 0-0: Ball
1-0: Foul Ball, location: 7LDF
1-1: Swinging Strike
1-2: Ball
2-2: Strikes out looking
Batting: SHB Ketel Marte 0-0: Ground out 5-3 (Groundball, 56, EV 86.9 MPH)
Batting: RHB Darryl Palmer 0-0: Swinging Strike
0-1: Foul Ball, location: 2F
0-2: Ball
1-2: Strikes out swinging
Bottom of the 1st over - 0 runs, 0 hits, 0 errors, 0 left on base; Miami 0 - Pittsburgh 0
TOP OF THE 2ND
Miami Marlins batting - Pitching for Pittsburgh Pirates : LHP Trevor Rogers
Batting: RHB Jared Patterson 0-0: Called Strike
0-1: Swinging Strike
0-2: Strikes out swinging
Batting: RHB Nick Gonzales 0-0: Ball
1-0: Called Strike
1-1: Swinging Strike
1-2: Foul Ball, location: 9LSF
1-2: Ball
2-2: Foul Ball, location: 2F
2-2: DOUBLE (Groundball, 5L, EV 105.0 MPH)
Batting: LHB Terrin Vavra 0-0: Called Strike
0-1: Swinging Strike
0-2: Strikes out looking
Batting: LHB Javon Sullivan 0-0: Ball
1-0: Ball
2-0: Called Strike
2-1: Ball
3-1: 2-RUN HOME RUN (Flyball, 7D, EV 99.4 MPH), Distance : 387 ft
Batting: SHB Taylor Walls 0-0: Ball
1-0: Called Strike
1-1: Ball
2-1: Called Strike
2-2: Foul Ball, location: 23F
2-2: Foul Ball, location: 5FF
2-2: Strikes out swinging
Top of the 2nd over - 2 runs, 2 hits, 0 errors, 0 left on base; Miami 2 - Pittsburgh 0
BOTTOM OF THE 2ND
Pittsburgh Pirates batting - Pitching for Miami Marlins : RHP Pat Lollis
Batting: LHB Triston Casas 0-0: Foul Ball, location: 7LMF
0-1: Swinging Strike
0-2: Fly out, F6 (Line Drive, 6MD, EV 73.8 MPH)
Batting: LHB Chris Clayson 0-0: Swinging Strike
0-1: SINGLE (Line Drive, 7S, EV 91.9 MPH)
Batting: LHB Danny Crousse 0-0: Ball
1-0: Ball
2-0: Called Strike
2-1: Called Strike
2-2: Ball
3-2: Foul Ball, location: 2F
3-2: Fly out, F8 (Flyball, 8RD, EV 102.5 MPH)
Batting: SHB Randy Bollinger 0-0: Ball
1-0: Called Strike
1-1: Foul Ball, location: 9LSF
1-2: Fielders Choice at 2nd, 6-4 (Groundball, 6, EV 85.0 MPH)
Bottom of the 2nd over - 0 runs, 1 hit, 0 errors, 1 left on base; Miami 2 - Pittsburgh 0
TOP OF THE 3RD
Miami Marlins batting - Pitching for Pittsburgh Pirates : LHP Trevor Rogers
Batting: RHB Eric Lowrie 0-0: Called Strike
0-1: Foul Ball, location: 2F
0-2: Ground out 5-3 (Groundball, 56S, EV 73.8 MPH)
Batting: RHB Curt Chilton 0-0: Ball
1-0: Foul Ball, location: 2F
1-1: Ball
2-1: SINGLE (Groundball, 6M, EV 109.4 MPH) (infield hit)
Batting: RHB Chris Flesner 0-0: Ball
1-0: Ball
2-0: Ball
3-0: Base on Balls
Curt Chilton to second
Batting: LHB Bill Lively 0-0: Fly out, F7 (Line Drive, 7, EV 94.4 MPH)
Batting: RHB Jared Patterson 0-0: Ball
1-0: Swinging Strike
1-1: Ball
2-1: Swinging Strike
2-2: Ball
3-2: Base on Balls
Curt Chilton to third
Chris Flesner to second
Batting: RHB Nick Gonzales 0-0: Called Strike
0-1: Foul Ball, location: 2F
0-2: Ball
1-2: Ball
2-2: Fielders Choice at 2nd, 5-4 (Groundball, 56, EV 85.0 MPH)
Top of the 3rd over - 0 runs, 1 hit, 0 errors, 3 left on base; Miami 2 - Pittsburgh 0
BOTTOM OF THE 3RD
Pittsburgh Pirates batting - Pitching for Miami Marlins : RHP Pat Lollis
Batting: RHB Danny Beza 0-0: Ball
1-0: Swinging Strike
1-1: Foul Ball, location: 9LMF
1-2: Ground out 4-3 (Groundball, 4, EV 89.4 MPH)
Batting: SHB Arol Vera 0-0: Ball
1-0: Ball
2-0: Called Strike
2-1: Ball
3-1: Called Strike
3-2: Foul Ball, location: 25FF
3-2: Foul Ball, location: 2F
3-2: Strikes out swinging
Batting: LHB Sam Cash 0-0: Ball
1-0: Ball
2-0: Called Strike
2-1: SINGLE (Line Drive, 8RS, EV 98.1 MPH)
Batting: SHB Ketel Marte 0-0: Ball
1-0: Ball
2-0: Called Strike
2-1: Swinging Strike
2-2: SINGLE (Line Drive, 8LS, EV 103.1 MPH)
Sam Cash to second
Batting: RHB Darryl Palmer 0-0: Foul Ball, location: 2F
0-1: Ball
1-1: Foul Ball, location: 9LDF
1-2: DOUBLE (Flyball, 8LXD, EV 112.5 MPH)
Sam Cash scores
Ketel Marte to third
Batting: LHB Triston Casas 0-0: Called Strike
0-1: DOUBLE (Flyball, 8LXD, EV 93.8 MPH)
Ketel Marte scores
Darryl Palmer scores
Batting: LHB Chris Clayson 0-0: Called Strike
0-1: Ball
1-1: Swinging Strike
1-2: Fly out, F8 (Line Drive, 89S, EV 93.8 MPH)
Bottom of the 3rd over - 3 runs, 4 hits, 0 errors, 1 left on base; Miami 2 - Pittsburgh 3
TOP OF THE 4TH
Miami Marlins batting - Pitching for Pittsburgh Pirates : LHP Trevor Rogers
Batting: LHB Terrin Vavra 0-0: Called Strike
0-1: Swinging Strike
0-2: Foul Ball, location: 9LMF
0-2: Strikes out swinging
Batting: LHB Javon Sullivan 0-0: Ball
1-0: Ball
2-0: Ball
3-0: Base on Balls
Batting: SHB Taylor Walls 0-0: Ball
1-0: Called Strike
1-1: Swinging Strike
1-2: Ball
2-2: Ball
3-2: Grounds into double play, 4-6-3 (Groundball, 4D, EV 110.6 MPH)
Top of the 4th over - 0 runs, 0 hits, 0 errors, 0 left on base; Miami 2 - Pittsburgh 3
BOTTOM OF THE 4TH
Pittsburgh Pirates batting - Pitching for Miami Marlins : RHP Pat Lollis
Batting: LHB Danny Crousse 0-0: Ball
1-0: Ball
2-0: Foul Ball, location: 9LMF
2-1: Ground out 4-3 (Groundball, 4, EV 88.8 MPH)
Batting: SHB Randy Bollinger 0-0: Called Strike
0-1: Foul Ball, location: 23F
0-2: Ball
1-2: Fly out, F8 (Flyball, 78M, EV 93.8 MPH)
Batting: RHB Danny Beza 0-0: Called Strike
0-1: Ball
1-1: Called Strike
1-2: Ball
2-2: Fly out, F5 (Popup, 56S, EV 72.5 MPH)
Bottom of the 4th over - 0 runs, 0 hits, 0 errors, 0 left on base; Miami 2 - Pittsburgh 3
TOP OF THE 5TH
Miami Marlins batting - Pitching for Pittsburgh Pirates : LHP Trevor Rogers
Batting: RHB Eric Lowrie 0-0: Ball
1-0: Called Strike
1-1: Ball
2-1: Ground out 5-3 (Groundball, 56S, EV 80.6 MPH)
Batting: RHB Curt Chilton 0-0: Ball
1-0: Called Strike
1-1: Fly out, F9 (Flyball, 89M, EV 100.6 MPH)
Batting: RHB Chris Flesner 0-0: Ball
1-0: Ball
2-0: Ball
3-0: Base on Balls
Batting: LHB Bill Lively 0-0: Called Strike
0-1: Ball
1-1: Ball
2-1: Fly out, F8 (Line Drive, 8LM, EV 91.9 MPH)
Top of the 5th over - 0 runs, 0 hits, 0 errors, 1 left on base; Miami 2 - Pittsburgh 3
BOTTOM OF THE 5TH
Pittsburgh Pirates batting - Pitching for Miami Marlins : RHP Pat Lollis
Batting: SHB Arol Vera 0-0: Ball
1-0: Called Strike
1-1: Ground out U3 (Groundball, 3, EV 86.3 MPH)
Batting: LHB Sam Cash 0-0: Called Strike
0-1: Fly out, F7 (Line Drive, 78M, EV 102.5 MPH)
Batting: SHB Ketel Marte 0-0: Ground out 2-3 (Groundball, 2R, EV 61.9 MPH)
Bottom of the 5th over - 0 runs, 0 hits, 0 errors, 0 left on base; Miami 2 - Pittsburgh 3
TOP OF THE 6TH
Miami Marlins batting - Pitching for Pittsburgh Pirates : LHP Trevor Rogers
Pitching: RHP Jose Garciduenas
Batting: RHB Jared Patterson 0-0: Fly out, F9 (Flyball, 9D, EV 95.6 MPH)
Batting: RHB Nick Gonzales 0-0: Ground out 6-3 (Groundball, 6, EV 91.3 MPH)
Batting: LHB Terrin Vavra 0-0: Ball
1-0: Ball
2-0: Called Strike
2-1: Ground out 6-3 (Groundball, 6M, EV 88.8 MPH)
Top of the 6th over - 0 runs, 0 hits, 0 errors, 0 left on base; Miami 2 - Pittsburgh 3
BOTTOM OF THE 6TH
Pittsburgh Pirates batting - Pitching for Miami Marlins : RHP Pat Lollis
Batting: RHB Darryl Palmer 0-0: Called Strike
0-1: Foul Ball, location: 2F
0-2: Strikes out swinging
Batting: LHB Triston Casas 0-0: Ball
1-0: Ball
2-0: Ball
3-0: Called Strike
3-1: Called Strike
3-2: Base on Balls
Batting: LHB Chris Clayson 0-0: Ball
1-0: Foul Ball, location: 7LMF
1-1: Grounds into double play, 4-6-3 (Groundball, 4, EV 90.0 MPH)
Bottom of the 6th over - 0 runs, 0 hits, 0 errors, 0 left on base; Miami 2 - Pittsburgh 3
TOP OF THE 7TH
Miami Marlins batting - Pitching for Pittsburgh Pirates : RHP Jose Garciduenas
Batting: LHB Javon Sullivan 0-0: Ball
1-0: Ball
2-0: Ball
3-0: Called Strike
3-1: Ground out 4-3 (Groundball, 4, EV 78.1 MPH)
Batting: SHB Taylor Walls 0-0: Ball
1-0: Swinging Strike
1-1: Ball
2-1: Ball
3-1: Fly out, F3 (Line Drive, 3, EV 71.3 MPH)
Batting: RHB Eric Lowrie 0-0: Fly out, F8 (Flyball, 8LD, EV 106.3 MPH)
Top of the 7th over - 0 runs, 0 hits, 0 errors, 0 left on base; Miami 2 - Pittsburgh 3
BOTTOM OF THE 7TH
Pittsburgh Pirates batting - Pitching for Miami Marlins : RHP Pat Lollis
Batting: LHB Danny Crousse 0-0: SINGLE (Line Drive, 6M, EV 107.5 MPH)
Batting: SHB Randy Bollinger 0-0: Fly out, F9 (Flyball, 89D, EV 110.0 MPH)
Batting: RHB Danny Beza 0-0: Ball
1-0: Ball
2-0: Called Strike
2-1: Ball
3-1: Called Strike
3-2: Fly out, F8 (Line Drive, 8LM, EV 93.8 MPH)
Batting: SHB Arol Vera 0-0: Called Strike
0-1: Ground out 1-3 (Groundball, 13S, EV 74.4 MPH)
Bottom of the 7th over - 0 runs, 1 hit, 0 errors, 1 left on base; Miami 2 - Pittsburgh 3
TOP OF THE 8TH
Miami Marlins batting - Pitching for Pittsburgh Pirates : RHP Jose Garciduenas
Batting: RHB Curt Chilton 0-0: Ball
1-0: Ball
2-0: Swinging Strike
2-1: Fly out, F9 (Line Drive, 89M, EV 99.4 MPH)
Pinch Hitting: LHB Vince Goldberg 0-0: Foul Ball, location: 3F
0-1: Ground out 6-3 (Groundball, 6, EV 90.6 MPH)
Batting: LHB Bill Lively 0-0: Ball
1-0: Ground out 6-3 (Groundball, 4MD, EV 110.6 MPH)
Top of the 8th over - 0 runs, 0 hits, 0 errors, 0 left on base; Miami 2 - Pittsburgh 3
BOTTOM OF THE 8TH
Pittsburgh Pirates batting - Pitching for Miami Marlins : RHP Pat Lollis
Now in CF: Vince Goldberg
Batting: LHB Sam Cash 0-0: Hit by Pitch
Batting: SHB Ketel Marte 0-0: Fielders Choice at 2nd, 6-4 (Groundball, 56, EV 83.8 MPH)
Batting: RHB Darryl Palmer 0-0: Called Strike
0-1: Swinging Strike
0-2: Ball
1-2: Strikes out swinging
Pitching: LHP Edgar Sanchez
Batting: LHB Triston Casas 0-0: Called Strike
0-1: Ball
1-1: Ground out U3 (Groundball, 3, EV 90.6 MPH)
Bottom of the 8th over - 0 runs, 0 hits, 0 errors, 1 left on base; Miami 2 - Pittsburgh 3
TOP OF THE 9TH
Miami Marlins batting - Pitching for Pittsburgh Pirates : RHP Jose Garciduenas
Pitching: RHP Luis Perez Ruiz
Batting: RHB Jared Patterson 0-0: Ball
1-0: Swinging Strike
1-1: Foul Ball, location: 3SF
1-2: DOUBLE (Flyball, 8LD, EV 77.5 MPH)
Batting: LHB Mike Miller 0-0: Ball
1-0: Foul Ball, location: 2F
1-1: Swinging Strike
1-2: Foul Ball, location: 2F
1-2: Ball
2-2: Strikes out looking
Batting: LHB Terrin Vavra 0-0: Ball
1-0: Swinging Strike
1-1: Ball
2-1: Ball
3-1: Base on Balls
Batting: LHB Javon Sullivan 0-0: Called Strike
0-1: Ball
1-1: Fly out, F9 (Flyball, 89D, EV 103.1 MPH)
Batting: SHB Taylor Walls 0-0: Fielders Choice at 2nd, U6 (Groundball, 6M, EV 87.5 MPH)
Top of the 9th over - 0 runs, 1 hit, 0 errors, 2 left on base; Miami 2 - Pittsburgh 3
Friday, March 15th , 2024 - OOTP Baseball 24.7 Build 72